AoeStats
← Lavender Fizz

Glade

503181327Analyzed
1v1 RM · 1mo ago on Aug 30, 2026· 30m 37s· 2 players
Game mode
Random Map
Map size
Tiny (2 player)
Population
200
Speed
Normal
Resources
Standard
Victory
Conquest
Starting age
Dark Age
Ending age
Imperial Age
RankedLock teamsTeams togetherTeam positionsShared explorationLock speedFull tech treeHidden civsTurbo modeCheats
Victory
Defeat
🇦🇲 Armenians · Armenia
625
+12
🇬🇧 Franks · United Kingdom
545
-24
Lavender Fizz
2:38 Loom
12:02 Feudal Age
16:28 Wheelbarrow
16:17 Man-at-Arms
sargsyan.vardan
0:44 Loom
13:50 Feudal Age
14:20 Arson
13:56 Man-at-Arms
14:26 Horse Collar
14:56 Man-at-Arms
15:56 Double-Bit Axe
16:56 Long Swordsman
18:55 Wheelbarrow
30:57 Castle Age
Connection lost

Rejoining the realm…

Still unreachable

The connection could not be restored.

Session expired

The server has moved on; the page needs a fresh start.